 Dungeon Crawl Stone Soup version 0.22-a0-185-ge330310 (webtiles) character file.

450 MatthieuS the Conjurer (level 7, -2/40 HPs)
             Began as a Tengu Wanderer on Feb 15, 2018.
             Slain by Pikel
             ... wielding a +2 whip of freezing
              (8 damage)
             ... on level 4 of the Dungeon.
             The game lasted 00:17:23 (4101 turns).

MatthieuS the Conjurer (Tengu Wanderer)             Turns: 4101, Time: 00:17:23

Health: -2/40      AC:  3    Str: 12    XL:     7   Next: 4%
Magic:  1/12       EV: 12    Int: 12    God:
Gold:   132        SH:  0    Dex: 16    Spells: 7/11 levels left

rFire    . . .     SeeInvis .   a - +4 dagger (holy)
rCold    . . .     Gourm    .   (no shield)
rNeg     . . .     Faith    .   t - +0 leather armour
rPois    .         Spirit   .   (helmet restricted)
rElec    .         Reflect  .   (no cloak)
rCorr    .         Harm     .   (no gloves)
MR       .....                  (boots unavailable)
Stlth    ++........             (no amulet)
HPRegen  0.13/turn              (no ring)
MPRegen  0.13/turn              (no ring)

@: very slightly contaminated
A: beak, talons 3, able to fly 1
a: Fly


You were on level 4 of the Dungeon.
You were very hungry.

You visited 1 branch of the dungeon, and saw 4 of its levels.

You collected 132 gold pieces.

Inventory:

Hand Weapons
 a - a +4 dagger of holy wrath (weapon)
 q - a +0 spear
Missiles
 e - 36 arrows
 i - 12 tomahawks (quivered)
Armour
 d - a +0 robe
 m - a +0 ring mail
 t - a +0 leather armour (worn)
Jewellery
 j - an uncursed ring of fire
Scrolls
 b - 3 scrolls of identify
 c - a scroll of teleportation
 g - a scroll of fog
 k - 2 scrolls of magic mapping {unknown}
 p - a scroll of blinking
 s - a scroll of enchant armour {unknown}
Potions
 h - a potion of heal wounds {unknown}
 l - a potion of lignification {unknown}
 n - a potion of resistance {unknown}
 r - 3 potions of curing
Comestibles
 f - 6 rations


   Skills:
 + Level 2.3 Fighting
 + Level 2.6 Short Blades
 + Level 0.0 Armour
 + Level 2.1 Dodging
 + Level 2.4 Stealth
 + Level 2.9 Spellcasting
 + Level 3.7 Conjurations
 + Level 1.7 Hexes
   Level 2.4 Summonings
 + Level 2.2 Ice Magic
   Level 2.0 Evocations


You had 7 spell levels left.
You knew the following spells:

 Your Spells              Type           Power        Failure   Level  Hunger
a - Throw Frost           Conj/Ice       #.....       14%         2    ###....
b - Ensorcelled Hibernat  Hex/Ice        #.....       22%         2    ###....


Dungeon Overview and Level Annotations

Branches:
Dungeon (4/15)
 Temple: D:4-7

Altars:
Fedhas

Annotations:
D:3 ultrashaft's ghost, amateur DEFE
D:4 Pikel


Innate Abilities, Weirdness & Mutations

You have a beak for a mouth.
You have claws for feet.
You can fly.


Message History

Pikel barely misses you.
Casting: Ensorcelled Hibernation (safe; 22% risk of failure)
Confirm with . or Enter, or press ? or * to list all spells.
Aiming: Ensorcelled Hibernation (safe; 22% risk of failure)
Press: ? - help, Shift-Dir - straight line, f/p - slave
Aim: a slave, wearing an animal skin (chance to defeat MR: 37%)
You miscast Ensorcelled Hibernation.
You are very lightly contaminated with residual magic.
You hear a crackling sound.
Pikel hits you with a whip of freezing.
* * * LOW HITPOINT WARNING * * *
Pikel freezes you.
* * * LOW HITPOINT WARNING * * *
Casting: Ensorcelled Hibernation (safe; 22% risk of failure)
Confirm with . or Enter, or press ? or * to list all spells.
Aiming: Ensorcelled Hibernation (safe; 22% risk of failure)
Press: ? - help, Shift-Dir - straight line, f/p - slave
Aim: a slave, wearing an animal skin (chance to defeat MR: 37%) Pikel is unaffected.
Pikel hits you with a whip of freezing!
You die...

#'## #.# ...## #.#
...p## ##.#
.....## #..##
......####...##
.....pp..p....####
......####.......#
.....## #..####.#
....## #..# #@#
...## #.p####K#
#+# #....##p# #.#
##.#.##p# #.#
#....p.# #.##
###.#### ...## #.#
....# #.# ...##
######.#


You could see Pikel and 3 slaves.

Vanquished Creatures
  A sky beast (D:4)
  A scorpion (D:4)
  A howler monkey (D:4)
  2 hounds (D:4)
  An orc priest (D:3)
  2 orc wizards (D:3)
  A gnoll (D:3)
  2 adders
  A shadow imp (D:4)
  3 oozes
  2 worms
  A dart slug (D:3)
  4 leopard geckos
  9 orcs
  5 giant cockroaches
  3 goblins
  7 hobgoblins
  2 jackals (D:2)
  2 quokkas (D:4)
  4 bats
  3 frilled lizards
  5 kobolds
  6 rats
68 creatures vanquished.

Notes
Turn   | Place    | Note
-------+----------+-------------------------------------------
     0 | D:1      | MatthieuS the Tengu Wanderer began the quest for the Orb.
     0 | D:1      | MatthieuS set off with: a wand of flame (15), the Incunabulum of the Frostbite, a scroll of teleportation, a +0 robe, a +0 dagger, a ration
     0 | D:1      | Reached XP level 1. HP: 10/10 MP: 3/3
     0 | D:1      | Identified the Incunabulum of the Frostbite
   327 | D:1      | Reached skill level 1 in Spellcasting
   327 | D:1      | Reached XP level 2. HP: 15/15 MP: 4/4
   801 | D:2      | Reached XP level 3. HP: 14/19 MP: 4/6
   890 | D:2      | Learned a level 2 spell: Throw Frost
   893 | D:2      | Learned a level 2 spell: Ensorcelled Hibernation
  2008 | D:3      | Reached skill level 2 in Conjurations
  2008 | D:3      | Reached XP level 4. HP: 15/24 MP: 7/7
  2019 | D:3      | Reached skill level 1 in Fighting
  2019 | D:3      | Reached skill level 1 in Ice Magic
  2019 | D:3      | Gained mutation: You can fly. [Tengu growth]
  2019 | D:3      | Reached XP level 5. HP: 19/29 MP: 7/9
  2313 | D:3      | Found a blossoming altar of Fedhas.
  2404 | D:3      | Reached skill level 1 in Hexes
  2703 | D:3      | Noticed ultrashaft's ghost (amateur DEFE)
  2994 | D:4      | Reached skill level 3 in Conjurations
  2994 | D:4      | Reached XP level 6. HP: 24/35 MP: 7/10
  3092 | D:4      | Noticed a sky beast
  3097 | D:4      | Killed a sky beast
  3700 | D:4      | Reached XP level 7. HP: 26/40 MP: 5/12
  3980 | D:4      | Noticed Pikel
  4101 | D:4      | Slain by Pikel

Vault maps used:
D:1:      eino_arrival_cavern_e
D:2:      minmay_misc_feat_hallway, grunt_decor_cap,
          minmay_misc_feat_four_crosses
D:3:      overflow_temple_1_default, hex_intersection, supply_closet_lemuel
D:4:      cheibrodos_old_hovel, lemuel_coloured_pillars_altar,
          grunt_ministairs_8, uniq_eustachio, uniq_pikel

Skill      XL: |  1  2  3  4  5  6 |
---------------+-------------------+-----
Spellcasting   | 1 2 |  2.9
Dodging        | 2 |  2.1
Conjurations   | 2 3 |  3.7
Fighting       | 1 2 |  2.3
Ice Magic      | 1 2 |  2.2
Hexes          | 1 |  1.7
Short Blades   | |  2.6
Stealth        | |  2.4
Summonings     | |  2.4
Evocations     | |  2.0

Action                   |  1- 3 |  4- 6 |  7- 9 || total
-------------------------+-------+-------+-------++-------
Melee: Dagger            |    89 |    76 |    12 ||   177
       Peck              |    14 |    14 |     1 ||    29
       Kick              |    18 |    21 |     1 ||    40
Throw: Tomahawk          |       |     1 |       ||     1
 Cast: Throw Frost       |     5 |    11 |       ||    16
       Ensorcelled Hiber |       |     7 |    10 ||    17
 Abil: Fly               |       |     1 |       ||     1
Evoke: Wand              |     9 |     6 |       ||    15
  Use: Scroll            |     5 |     3 |       ||     8
       Potion            |       |       |     1 ||     1
 Stab: Sleeping          |     4 |     4 |     3 ||    11
  Eat: Chunk             |     4 |     4 |     1 ||     9
       Ration            |       |     1 |       ||     1
Armor: Robe              |     4 |       |       ||     4
       Ring mail         |    22 |    16 |       ||    38
       Leather armour    |       |     4 |     1 ||     5
Dodge: Dodged            |    37 |    46 |    12 ||    95

Table legend:
 A = Spawn XP
 B = Non-spawn XP
 C = Spawn XP percentage of total XP
 D = Spawn monster count
 E = Non-spawn monster count
 F = Spawn count percentage of total count
 G = Total turns spent on level
                    A         B        C        D         E        F      G
               +---------+---------+-------+---------+---------+-------+---------
         Total |       0 |     643 |   0.0 |       0 |      68 |   0.0 |  4101
               +---------+---------+-------+---------+---------+-------+---------
           D:1 |       0 |      20 |   0.0 |       0 |      12 |   0.0 |   775
           D:2 |       0 |      56 |   0.0 |       0 |      22 |   0.0 |  1936
           D:3 |       0 |     180 |   0.0 |       0 |      17 |   0.0 |   273
           D:4 |       0 |     387 |   0.0 |       0 |      17 |   0.0 |  1117
               +---------+---------+-------+---------+---------+-------+---------
